 Dungeon Crawl Stone Soup version 0.31.0-32-g396128a36d (webtiles) character file.

Game seed: 13990687445182022255

4868 0gre the Frost Mage (level 10, -1/74 HPs)
             Began as a Gnoll Ice Elementalist on Apr 24, 2024.
             Was a Believer of Vehumet.
             Slain by a human
             ... wielding a +0 war axe
              (8 damage)
             ... in a bailey.
             The game lasted 00:43:00 (7322 turns).

0gre the Frost Mage (Gnoll Ice Elementalist)        Turns: 7322, Time: 00:43:01

Health: -1/74      AC:  5    Str:  7    XL:     10   Next: 50%
Magic:  17/21      EV: 15    Int: 17    God:    Vehumet [**....]
Gold:   349        SH:  0    Dex: 15    Spells: 14/24 levels left

rFire   . . .        a - +0 long sword
rCold   . . .        (no shield)
rNeg    + . .        A - +0 robe
rPois   +            (no helmet)
rElec   .            q - +0 cloak {rPois}
rCorr   .            f - +0 pair of gloves
SInv    .            (no boots)
Will    .....        u - amulet of regeneration
Stlth   +++          o - ring of positive energy
HPRegen 1.12/turn    (no ring)
MPRegen 0.17/turn

%: no passive effects
@: no status effects
A: fangs 1, strong nose, distributed training
a: Renounce Religion


You were in a bailey.
You worshipped Vehumet.
Vehumet was pleased with you.
You visited 1 branch of the dungeon, and saw 8 of its levels.
You also visited: Bailey.

You collected 349 gold pieces.

Inventory:

Hand Weapons
 a - a +0 long sword (weapon)
 b - a +1 orcbow
 c - a +0 halberd
Missiles
 p - 4 curare-tipped darts (quivered)
 r - 4 darts of dispersal
 s - 4 poisoned darts
 z - a throwing net
 C - 7 boomerangs
Armour
 f - a +0 pair of gloves (worn)
 q - a +0 cloak of poison resistance (worn)
 A - a +0 robe (worn)
Jewellery
 d - an amulet of the acrobat
 l - a ring of flight
 o - a ring of positive energy (left hand)
 u - an amulet of regeneration (around neck)
Wands
 j - a wand of polymorph (11)
 x - a wand of charming (9)
 B - a wand of mindburst (10)
Scrolls
 g - a scroll of identify
 h - 2 scrolls of teleportation
 v - a scroll of fear
 y - 4 scrolls of revelation
 D - a scroll of poison
 F - a scroll of enchant armour
Potions
 e - a potion of enlightenment
 i - 3 potions of attraction
 m - a potion of resistance
 n - a potion of berserk rage
 t - 2 potions of magic
 w - a potion of haste
 E - a potion of lignification {unknown}


   Skills:
 + Level 5.5 Fighting
 + Level 5.5 Short Blades
 + Level 5.5 Long Blades
 + Level 5.5 Axes
 + Level 5.5 Maces & Flails
 + Level 5.5 Polearms
 + Level 5.5 Staves
 + Level 5.5 Ranged Weapons
 + Level 5.5 Throwing
 + Level 5.5 Armour
 + Level 7.3 Dodging
 + Level 7.0 Stealth
 + Level 5.5 Shields
 + Level 5.5 Unarmed Combat
 + Level 7.5 Spellcasting
 + Level 4.5 Conjurations
 + Level 4.5 Hexes
 + Level 4.5 Summonings
 + Level 4.5 Necromancy
 + Level 4.5 Translocations
 + Level 4.5 Fire Magic
 + Level 8.5 Ice Magic
 + Level 4.5 Air Magic
 + Level 4.5 Earth Magic
 + Level 4.5 Alchemy
 + Level 6.1 Invocations
 + Level 5.5 Evocations
 + Level 5.0 Shapeshifting


You had 14 spell levels left.
You knew the following spells:

 Your Spells              Type           Power      Damage    Failure   Level
a - Freeze                Ice            100%       1d10      1%          1
b - Frozen Ramparts       Ice            70%        1d11      1%          3
c - Summon Ice Beast      Ice/Summ       28%        N/A       2%          3
d - Hailstorm             Conj/Ice       28%        3d8       2%          3

Your spell library contained the following spells:

 Spells                   Type           Power      Damage    Failure   Level
 Sandblast                Erth           44%        2d11      1%          1
 Ensorcelled Hibernation  Hex/Ice        56%        N/A       1%          2
 Ozocubu's Armour         Ice            35%        N/A       1%          3
 Passwall                 Erth           22%        N/A       4%          3
 Stone Arrow              Conj/Erth      44%        3d9       4%          3
 Swiftness                Air            22%        N/A       4%          3
 Tukima's Dance           Hex            22%        N/A       4%          3
 Animate Armour           Summ/Erth      44%        N/A       17%         4
 Dimensional Bullseye     Hex/Tloc       11%        N/A       17%         4
 Iskenderun's Mystic Bla  Conj/Tloc      22%        2d6       17%         4
 Lehudib's Crystal Spear  Conj/Erth      11%        10d4      100%        8


Dungeon Overview and Level Annotations

Branches:
Dungeon (8/15)             Temple (0/1) D:5            Lair (0/5) D:8
 Bailey (1/1)

Altars:
Ashenzari
Elyvilon
Hepliaklqana
Kikubaaqudgha
Qazlal
Ru
Uskayaw
Vehumet
Wu Jian
Yredelemnul
Zin


Innate Abilities, Weirdness & Mutations

You have very sharp teeth.
Your uncanny sense of smell can sniff out nearby items.
Your experience applies equally to all skills.


Message History

The wall freezes the human.
The human barely misses you.
The wall freezes the human!
The human hits you with a +0 war axe!
* * * LOW HITPOINT WARNING * * *
The human barely misses your ice beast.
Your ice beast hits the human but does no damage.
The wall freezes the human.
The human hits you with a +0 war axe!
* * * LOW HITPOINT WARNING * * *
The human hits your ice beast but does no damage.
The wall freezes the human but does no damage.
The human hits you with a +0 war axe!
* * * LOW HITPOINT WARNING * * *
You feel better.
Your ice beast barely misses the human.
The wall freezes the human.
The human hits you with a +0 war axe.
* * * LOW HITPOINT WARNING * * *
The wall freezes the human but does no damage.
The human closely misses you. The human misses your ice beast.
You barely miss the human.
The human is severely wounded.
Your ice beast closely misses the human.
The wall freezes the human but does no damage.
The human barely misses you.
The wall freezes the human.
The human misses you.
The human closely misses your ice beast.
You closely miss the human. Your bite misses the human.
The human is almost dead.
The frozen ramparts melt away.
Your ice beast closely misses the human.
The human hits you with a +0 war axe.
* * * LOW HITPOINT WARNING * * *
The human hits your ice beast with a +0 war axe.
The human barely misses you.
Your ice beast hits the human but does no damage.
Your ice beast hits the human but does no damage.
The human hits your ice beast with a +0 war axe!
Your ice beast dies!
Your ice beast disappears in a puff of smoke!
The human closely misses you. The human attacks as it pursues you!
The human closely misses you.
The human shouts!
The human hits you with a +0 war axe!
You die...

## ##.. ∆ #....
∆ .....#
......####
......'..#
##+####.p#
##~~~##§p.#
#~~~~~#§@.#
#~~~~~#)..##
#~~~~~#))).#
##~~#'#'#......#
####...##....##
#.....######
#.∩.∩.# #.....#
##...##


You could see 2 humans.

Vanquished Creatures
  2 two-headed ogres (D:7)
  A hornet (D:8)
  Prince Ribbit (D:7)
  A steam dragon (D:4)
  2 humans (Bailey)
  3 water moccasins
  A sky beast (D:7)
  An orc warrior (D:7)
  2 ice beasts (D:6)
  3 ogres
  A centaur (D:6)
  6 bullfrogs
  2 scorpions (D:6)
  A jelly (D:6)
  4 hounds
  3 orc priests (D:7)
  A gnoll bouda (D:7)
  A sleepcap (D:4)
  Natasha (thrice) (D:2)
  4 iguanas
  5 orc wizards
  11 adders
  3 gnolls (D:7)
  2 ufetubi (D:6)
  A dart slug (D:3)
  20 orcs
  4 ball pythons
  7 bats
  8 endoplasms
  A giant cockroach (D:3)
  11 goblins
  9 hobgoblins
  3 jackals (D:2)
  3 quokkas
  6 frilled lizards
  9 kobolds
  9 rats
155 creatures vanquished.

Vanquished Creatures (collateral kills)
  An ice beast (D:8)
  2 ogres
  A centaur (D:5)
  A scorpion (D:5)
  3 bombardier beetles
  2 orc priests
  A white imp (D:5)
  3 orcs (D:8)
14 creatures vanquished.

Grand Total: 169 creatures vanquished

Notes
Turn   | Place    | Note
-------+----------+-------------------------------------------
     0 | D:1      | 0gre the Gnoll Ice Elementalist began the quest for the
                  | Orb.
     0 | D:1      | Reached XP level 1. HP: 13/13 MP: 6/6
   271 | D:1      | Reached XP level 2. HP: 19/19 MP: 7/7
   883 | D:2      | Reached skill level 5 in Spellcasting
   883 | D:2      | Reached XP level 3. HP: 25/25 MP: 6/9
   887 | D:2      | Learned a level 3 spell: Frozen Ramparts
  1147 | D:2      | Reached skill level 1 in Invocations
  1201 | D:2      | Reached skill level 1 in Fighting
  1201 | D:2      | Reached skill level 1 in Short Blades
  1201 | D:2      | Reached skill level 1 in Long Blades
  1201 | D:2      | Reached skill level 1 in Axes
  1201 | D:2      | Reached skill level 1 in Maces & Flails
  1201 | D:2      | Reached skill level 1 in Polearms
  1201 | D:2      | Reached skill level 1 in Staves
  1201 | D:2      | Reached skill level 1 in Ranged Weapons
  1201 | D:2      | Reached skill level 1 in Throwing
  1201 | D:2      | Reached skill level 1 in Armour
  1201 | D:2      | Reached skill level 1 in Shields
  1201 | D:2      | Reached skill level 1 in Unarmed Combat
  1201 | D:2      | Reached skill level 1 in Evocations
  1263 | D:2      | Found a glowing silver altar of Zin.
  1282 | D:2      | Noticed Natasha
  1287 | D:2      | Killed Natasha
  1288 | D:2      | Reached skill level 1 in Shapeshifting
  1288 | D:2      | Reached XP level 4. HP: 17/32 MP: 7/11
  1545 | D:2      | Noticed Natasha
  1548 | D:2      | Killed Natasha
  1549 | D:2      | Reached skill level 1 in Conjurations
  1549 | D:2      | Reached skill level 1 in Hexes
  1549 | D:2      | Reached skill level 1 in Summonings
  1549 | D:2      | Reached skill level 1 in Necromancy
  1549 | D:2      | Reached skill level 1 in Translocations
  1549 | D:2      | Reached skill level 1 in Fire Magic
  1549 | D:2      | Reached skill level 1 in Air Magic
  1549 | D:2      | Reached skill level 1 in Earth Magic
  1549 | D:2      | Reached skill level 1 in Alchemy
  1579 | D:2      | Noticed Natasha
  1586 | D:2      | Killed Natasha
  1587 | D:2      | Reached XP level 5. HP: 32/37 MP: 8/12
  1829 | D:3      | Found a hazy altar of Hepliaklqana.
  1829 | D:3      | Found a hide-covered altar of Uskayaw.
  1831 | D:3      | Found a sacrificial altar of Ru.
  1831 | D:3      | Found a stormy altar of Qazlal.
  1832 | D:3      | Found a broken altar of Ashenzari.
  1832 | D:3      | Found a radiant altar of Vehumet.
  1833 | D:3      | Found an ornate altar of the Wu Jian Council.
  1833 | D:3      | Found an ancient bone altar of Kikubaaqudgha.
  1833 | D:3      | Found a glowing silver altar of Zin.
  1859 | D:3      | Became a worshipper of Vehumet
  2280 | D:3      | Learned a level 3 spell: Summon Ice Beast
  2422 | D:4      | Found a white marble altar of Elyvilon.
  2450 | D:4      | Noticed a steam dragon
  2499 | D:4      | Found a basalt altar of Yredelemnul.
  2572 | D:4      | Reached XP level 6. HP: 44/44 MP: 9/13
  2595 | D:4      | Reached skill level 5 in Dodging
  2904 | D:4      | Killed a steam dragon
  2905 | D:4      | Reached XP level 7. HP: 5/51 MP: 11/15
  3157 | D:5      | Entered Level 5 of the Dungeon
  3185 | D:5      | Reached skill level 5 in Stealth
  3372 | D:5      | Reached * piety under Vehumet
  3372 | D:5      | Offered knowledge of Shock by Vehumet.
  3533 | D:5      | Found a staircase to the Ecumenical Temple.
  3543 | D:5      | Reached XP level 8. HP: 50/58 MP: 13/16
  3580 | D:5      | HP: 1/58 [centaur/arrow (5)]
  4377 | D:5      | Learned a level 3 spell: Hailstorm
  5215 | D:6      | Reached XP level 9. HP: 56/65 MP: 18/18
  5784 | D:7      | Noticed a two-headed ogre
  5792 | D:7      | Killed a two-headed ogre
  5793 | D:7      | Reached skill level 8 in Ice Magic
  5951 | D:7      | Noticed a two-headed ogre
  5973 | D:7      | Killed a two-headed ogre
  5974 | D:7      | Reached skill level 5 in Invocations
  6270 | D:7      | Reached skill level 5 in Fighting
  6270 | D:7      | Reached skill level 5 in Short Blades
  6270 | D:7      | Reached skill level 5 in Long Blades
  6270 | D:7      | Reached skill level 5 in Axes
  6270 | D:7      | Reached skill level 5 in Maces & Flails
  6270 | D:7      | Reached skill level 5 in Polearms
  6270 | D:7      | Reached skill level 5 in Staves
  6270 | D:7      | Reached skill level 5 in Ranged Weapons
  6270 | D:7      | Reached skill level 5 in Throwing
  6270 | D:7      | Reached skill level 5 in Armour
  6270 | D:7      | Reached skill level 5 in Shields
  6270 | D:7      | Reached skill level 5 in Unarmed Combat
  6270 | D:7      | Reached skill level 5 in Evocations
  6270 | D:7      | Reached XP level 10. HP: 74/74 MP: 16/20
  6368 | D:7      | Noticed Prince Ribbit
  6381 | D:7      | Killed Prince Ribbit
  7040 | D:8      | Found a staircase to the Lair.
  7073 | D:8      | Offered knowledge of Sandblast by Vehumet.
  7073 | D:8      | Reached ** piety under Vehumet
  7205 | D:8      | Found a flagged portal.
  7212 | Bailey   | Entered a bailey
  7223 | Bailey   | Reached skill level 5 in Shapeshifting
  7316 | Bailey   | HP: 3/74 [human/+0 war axe (7)]
  7322 | Bailey   | Slain by a human

Illustrated notes

Levels and vault maps discovered:
D:1:      roderic_crop_circles_arrival_large, layout_loops_ring
D:2:      layout_loops_cross, basic_altar, uniq_natasha
D:3:      layout_rooms, nicolae_overflows_in_rows, chequers_garden,
          grunt_ministairs_15
D:4:      layout_cave_pools, kennysheep_ying_yang, kennysheep_generic_room_11
D:5:      layout_basic, minmay_temple_entry_gardened_gates,
          chequers_ossuary_entry_cave
D:6:      layout_gridville
D:7:      layout_loops_corners, uniq_prince_ribbit1
D:8:      layout_rooms, dpeg_oklobed_lair, enter_bailey_4
Bailey:   bailey_axe_froggy_fort_hellmonk, bailey

Skill      XL: |  1  2  3  4  5  6  7  8  9 10 |
---------------+-------------------------------+-----
Spellcasting   | 5 6 7 |  7.5
Invocations    | 1 2 3 4 5 6 |  6.1
Fighting       | 1 2 3 5 |  5.5
Short Blades   | 1 2 3 5 |  5.5
Long Blades    | 1 2 3 5 |  5.5
Axes           | 1 2 3 5 |  5.5
Maces & Flails | 1 2 3 5 |  5.5
Polearms       | 1 2 3 5 |  5.5
Staves         | 1 2 3 5 |  5.5
Ranged Weapons | 1 2 3 5 |  5.5
Throwing       | 1 2 3 5 |  5.5
Armour         | 1 2 3 5 |  5.5
Shields        | 1 2 3 5 |  5.5
Unarmed Combat | 1 2 3 5 |  5.5
Evocations     | 1 2 3 5 |  5.5
Shapeshifting  | 1 2 3 4 5 |  5.0
Conjurations   | 1 2 3 4 |  4.5
Hexes          | 1 2 3 4 |  4.5
Summonings     | 1 2 3 4 |  4.5
Necromancy     | 1 2 3 4 |  4.5
Translocations | 1 2 3 4 |  4.5
Fire Magic     | 1 2 3 4 |  4.5
Air Magic      | 1 2 3 4 |  4.5
Earth Magic    | 1 2 3 4 |  4.5
Alchemy        | 1 2 3 4 |  4.5
Dodging        | 5 6 7 |  7.3
Stealth        | 5 6 7 |  7.0
Ice Magic      | 8 |  8.5

Action                     |  1- 3 |  4- 6 |  7- 9 | 10-12 || total
---------------------------+-------+-------+-------+-------++-------
  Melee: Short sword       |    98 |    18 |       |       ||   116
         Bite              |     6 |     9 |    13 |     5 ||    33
         Rapier            |       |    62 |    18 |       ||    80
         Punch             |       |     2 |     6 |     2 ||    10
         Long sword        |       |       |   100 |    73 ||   173
   Fire: Sling             |       |       |    11 |       ||    11
         Orcbow            |       |       |    53 |    33 ||    86
  Throw: Dart              |       |       |     1 |     4 ||     5
   Cast: Freeze            |     9 |     3 |       |       ||    12
         Frozen Ramparts   |     2 |    14 |    21 |    15 ||    52
         Summon Ice Beast  |       |     1 |    11 |     4 ||    16
    Use: Scroll            |       |       |    14 |     4 ||    18
         Potion            |       |       |       |     3 ||     3
   Stab: Sleeping          |     9 |    10 |     2 |       ||    21
 Armour: Robe              |    42 |    41 |    66 |    55 ||   204
  Dodge: Dodged            |    56 |    64 |    92 |    53 ||   265
